 Dungeon Crawl Stone Soup version 0.25-a0-294-gea9b1ad378 (webtiles) character file.

Game seed: 11940533223747750529, levelgen mode: classic

706 Borgoz the Cudgeler (level 7, -3/44 HPs)
             Began as a Gargoyle Berserker on Dec 19, 2019.
             Was a Priest of Trog.
             Slain by a gnoll
             ... wielding a +0 flail
              (5 damage)
             ... while paralysed by Grinder
             ... on level 5 of the Dungeon.
             The game lasted 00:06:26 (3906 turns).

Borgoz the Cudgeler (Gargoyle Berserker)            Turns: 3906, Time: 00:06:26

Health: -3/44      AC: 10    Str: 23    XL:     7   Next: 67%
Magic:  7/7        EV:  2    Int:  8    God:    Trog [***...]
Gold:   249        SH:  0    Dex: 15    Spells: 6/6 levels left

rFire    . . .     SeeInvis .   a - +0 mace
rCold    . . .     Gourm    .   (no shield)
rNeg     + . .     Faith    .   b - +0 animal skin
rPois    ∞         Spirit   .   s - +1 helmet
rElec    +         Reflect  +   (no cloak)
rCorr    .         Harm     .   p - +0 pair of gloves
MR       .....                  (no boots)
Stlth    +.........             f - +4 amulet of reflection
HPRegen  0.14/turn              m - +4 ring of dexterity
MPRegen  0.10/turn              r - +3 ring of strength

@: paralysed
A: negative energy resistance 1, electricity resistance, unbreathing,
petrification resistance, rot immunity, AC +4
a: Berserk, Trog's Hand, Renounce Religion


You were on level 5 of the Dungeon.
You worshipped Trog.
Trog was most pleased with you.
You were very hungry.

You visited 1 branch of the dungeon, and saw 5 of its levels.
You also visited: Sewer.

You collected 249 gold pieces.

Inventory:

Hand Weapons
 a - a +0 mace (weapon)
Armour
 b - a +0 animal skin (worn)
 p - a +0 pair of gloves (worn)
 s - a +1 helmet (worn)
Jewellery
 f - a +4 amulet of reflection (around neck)
 h - an uncursed amulet of regeneration
 m - a +4 ring of dexterity (left hand)
 r - a +3 ring of strength (right hand)
Wands
 l - a wand of disintegration (11)
 t - a wand of flame (22)
Scrolls
 d - a scroll of enchant weapon
 e - a scroll of random uselessness {unknown}
 g - 5 scrolls of teleportation
 i - 4 scrolls of remove curse
Potions
 j - 2 potions of curing
 k - a potion of lignification
 n - a potion of heal wounds {unknown}
 o - 7 potions of flight
 q - a potion of haste
 u - a potion of brilliance {unknown}
Comestibles
 c - 7 rations


   Skills:
 + Level 4.5 Fighting
 * Level 6.1 Maces & Flails
 + Level 4.7 Armour
 + Level 3.4 Dodging


You had 6 spell levels left.
You didn't know any spells.
Your spell library was empty.

Dungeon Overview and Level Annotations

Branches:
Dungeon (5/15)              Sewer (visited)
 Temple: D:4-7

Altars:
Ashenzari
Dithmenos
Fedhas
Kikubaaqudgha
Makhleb
Qazlal
Ru
Trog
Vehumet
Wu Jian
Yredelemnul

Shops:
D:4 }

Annotations:
D:5 Grinder


Innate Abilities, Weirdness & Mutations

You are resistant to torment.
Your stone body is resilient. (AC +4)
You are immune to poison.
You resist negative energy. (rN+)
You are resistant to electric shocks. (rElec)
You can survive without breathing.
You are immune to petrification.
You are immune to rotting.


Message History

The gnoll is severely wounded.
You block the gnoll's attack. The gnoll hits you with a +0 flail!
You barely miss the gnoll.
The gnoll is severely wounded.
Grinder blinks!
The gnoll hits you but does no damage.
You hit the gnoll.
The gnoll is almost dead.
The gnoll hits you with a +0 flail. Grinder gestures at you.
You suddenly lose the ability to move!
The gnoll hits you but does no damage. The gnoll hits you with a +0 flail.
The gnoll hits you but does no damage. The gnoll hits you with a +0 flail!
The gnoll hits you but does no damage. x2
The gnoll hits you with a cursed +0 club.
Grinder hits you. The gnoll hits you with a +0 flail.
* * * LOW HITPOINT WARNING * * *
The gnoll hits you with a cursed +0 club!
* * * LOW HITPOINT WARNING * * *
Grinder hits you but does no damage. The gnoll hits you with a +0 flail.
You die...

#......# #.....
#......# #...<.
#......# #.....
#......# #.....
#......# .#.....
#......# #......
+(.....######
#.....g##...........#
......g@5...##......#
..############......#
#.......### #.....#.#
#.....#.#
####.....#.###
.......>.....#
####.###....##.#.#
#....# ####.# .#


You could see Grinder and 2 gnolls.

Vanquished Creatures
  2 ogres (D:4)
  A big kobold (D:2)
  A scorpion (D:3)
  A hound (D:4)
  An orc wizard (D:3)
  Jessica (D:3)
  2 worker ants (D:4)
  5 gnolls
  2 river rats (D:4)
  8 adders
  4 oozes
  5 worms
  A dart slug (D:3)
  4 leopard geckos
  5 orcs (D:3)
  14 bats
  7 giant cockroaches
  6 goblins
  6 hobgoblins
  11 jackals
  10 kobolds
  3 ball pythons
  8 frilled lizards
  2 jackal skeletons (D:4)
  A leopard gecko skeleton (D:4)
  A quokka skeleton (D:4)
  10 rats
122 creatures vanquished.

Notes
Turn   | Place    | Note
-------+----------+-------------------------------------------
     0 | D:1      | Borgoz the Gargoyle Berserker began the quest for the Orb.
     0 | D:1      | Reached XP level 1. HP: 14/14 MP: 1/1
   108 | D:1      | Reached XP level 2. HP: 19/19 MP: 2/2
   540 | D:1      | You fall into a shaft and drop 1 floor!
   560 | D:2      | Reached XP level 3. HP: 23/23 MP: 3/3
   673 | D:2      | Reached ** piety under Trog
   679 | D:2      | Noticed a big kobold
   697 | D:2      | Killed a big kobold
   697 | D:2      | Reached skill level 4 in Maces & Flails
   697 | D:2      | Reached XP level 4. HP: 13/28 MP: 4/4
   697 | D:2      | Reached XP level 5. HP: 15/32 MP: 5/5
  1261 | D:3      | Noticed Jessica
  1391 | D:3      | Killed Jessica
  1477 | D:3      | Reached skill level 5 in Maces & Flails
  1477 | D:3      | Reached XP level 6. HP: 13/38 MP: 6/6
  1865 | D:3      | Found a shadowy altar of Dithmenos.
  1866 | D:3      | Found a basalt altar of Yredelemnul.
  1868 | D:3      | Found a bloodstained altar of Trog.
  1872 | D:3      | Found a radiant altar of Vehumet.
  1873 | D:3      | Found a sacrificial altar of Ru.
  1873 | D:3      | Found an ancient bone altar of Kikubaaqudgha.
  1874 | D:3      | Found a shattered altar of Ashenzari.
  1876 | D:3      | Found a stormy altar of Qazlal.
  1877 | D:3      | Found a burning altar of Makhleb.
  1878 | D:3      | Found an ornate altar of the Wu Jian Council.
  2368 | D:4      | Found a blossoming altar of Fedhas.
  2467 | D:4      | Reached *** piety under Trog
  2496 | D:4      | Reached XP level 7. HP: 43/43 MP: 7/7
  2546 | D:4      | Found a glowing drain.
  2609 | D:4      | Reached skill level 6 in Maces & Flails
  2630 | Sewer    | Entered a sewer
  3477 | D:4      | Found Ceypyam's Gadget Emporium.
  3850 | D:5      | Entered Level 5 of the Dungeon
  3892 | D:5      | Noticed Grinder
  3901 | D:5      | Paralysed by Grinder for 6 turns
  3906 | D:5      | HP: 2/44 [gnoll/cursed +0 club (7)]
  3906 | D:5      | Slain by a gnoll

Levels and vault maps discovered:
D:1:      dpeg_arrival_shrine, layout_basic
D:2:      layout_rooms, minmay_misc_feat_plants
D:3:      layout_loops_ring, minitemple, uniq_jessica
D:4:      layout_loops_ring, first_ration, serial_shops, nicolae_shop_trees,
          portal_sewer_entry_a, fedhas_ov_isle_minmay
D:5:      wad_crossroads, layout_basic, temple_doors_ab, serial_shops, shop,
          kennysheep_generic_room_10, uniq_grinder

Skill      XL: |  1  2  3  4  5  6  7 |
---------------+----------------------+-----
Dodging        | 2 3 |  3.4
Maces & Flails | 4 5 6 |  6.1
Armour         | 3 4 |  4.7
Fighting       | 4 |  4.5

Action                   |  1- 3 |  4- 6 |  7- 9 || total
-------------------------+-------+-------+-------++-------
Melee: Mace              |    94 |   192 |   164 ||   450
Invok: Berserk           |       |       |     1 ||     1
       Trog's Hand       |       |       |     1 ||     1
  Use: Scroll            |       |     9 |     4 ||    13
 Stab: Sleeping          |       |     2 |     1 ||     3
  Eat: Chunk             |       |     5 |     6 ||    11
Armor: Animal skin       |    38 |    74 |    75 ||   187
Dodge: Dodged            |    69 |   136 |   128 ||   333
Block: Other             |       |    35 |    28 ||    63

Table legend:
 A = Non-vault XP
 B = Vault XP
 C = Vault XP percentage of total XP
 D = Non-vault monster count
 E = Vault monster count
 F = Vault count percentage of total count
                 A         B        C        D         E       F
            +---------+---------+-------+---------+---------+-------
      Total |     864 |     145 |  14.4 |      90 |      32 |  26.2
            +---------+---------+-------+---------+---------+-------
        D:1 |      29 |       0 |   0.0 |      13 |       0 |   0.0
        D:2 |     179 |       0 |   0.0 |      24 |       0 |   0.0
        D:3 |     192 |      37 |  16.2 |      33 |       1 |   2.9
        D:4 |     450 |      35 |   7.2 |      19 |       6 |  24.0
        D:5 |      14 |       0 |   0.0 |       1 |       0 |   0.0
      Sewer |       0 |      73 | 100.0 |       0 |      25 | 100.0
            +---------+---------+-------+---------+---------+-------
